TOP OF THE 1ST |
Seton Hall Pirates batting - Pitching for Tennessee Volunteers : RHP Henry Reed
|
Pitching: RHP Henry Reed
|
|
Batting: RHB Ken Horn
|
0-0: Ball 1-0: Foul Ball, location: 2F 1-1: Ball 2-1: Foul Ball, location: 2F 2-2: Ground out 6-3 (Groundball, 6)
|
Batting: LHB Turner Burns
|
0-0: Ball 1-0: Called Strike 1-1: Foul Ball, location: 2F 1-2: Ground out 4-3 (Groundball, 34D)
|
Batting: RHB Joe Lord
|
0-0: Hit by Pitch
|
Batting: LHB Vernon Riley
|
0-0: Ball 1-0: Ball Joe Lord is caught stealing 2nd base
|
Top of the 1st over - 0 runs, 0 hits, 0 errors, 0 left on base; Seton Hall 0 - Tennessee 0 |
BOTTOM OF THE 1ST |
Tennessee Volunteers batting - Pitching for Seton Hall Pirates : LHP Steve Sherman
|
Pitching: LHP Steve Sherman
|
|
Batting: RHB Jim Mak
|
0-0: Called Strike 0-1: Ball 1-1: Ball 2-1: Ball 3-1: Base on Balls
|
Batting: RHB Ronnie Wilson
|
0-0: Ball 1-0: Foul Ball, location: 2F 1-1: Ground out U3 (Groundball, 3S) Jim Mak to second
|
Batting: LHB Carl Coffman
|
0-0: Called Strike 0-1: Ball 1-1: Swinging Strike 1-2: Ball 2-2: Ball 3-2: Foul Ball, location: 2F 3-2: Base on Balls
|
Batting: RHB Rodney Walker
|
0-0: SINGLE (Flyball, 8RS) Jim Mak to third Carl Coffman to second Runner from 3rd tries for Home, SAFE, throw made home
|
Batting: RHB Silas Austin
|
0-0: SINGLE (Groundball, 6MD) Carl Coffman to third Rodney Walker to second
|
Batting: RHB Zak Hall
|
0-0: Called Strike 0-1: Ball 1-1: Swinging Strike 1-2: Strikes out swinging
|
Batting: RHB John Pickup
|
0-0: Foul Ball, location: 2F 0-1: Fly out, F8 (Flyball, 8LD)
|
Bottom of the 1st over - 1 run, 2 hits, 0 errors, 3 left on base; Seton Hall 0 - Tennessee 1 |
TOP OF THE 2ND |
Seton Hall Pirates batting - Pitching for Tennessee Volunteers : RHP Henry Reed
|
Batting: LHB Vernon Riley
|
0-0: Called Strike 0-1: Foul Ball, location: 2F 0-2: Strikes out swinging
|
Batting: RHB Matt Hidalgo
|
0-0: Ball 1-0: Ball 2-0: Called Strike 2-1: Ball 3-1: SOLO HOME RUN (Flyball, 7D), Distance : 368 ft
|
Batting: RHB Fernando Cuevas
|
0-0: Ball 1-0: SINGLE (Line Drive, 7S)
|
Batting: RHB Chris Rigney
|
0-0: Ball 1-0: Foul Ball, location: 2F 1-1: Foul Ball, location: 2F 1-2: Ball 2-2: 2-RUN HOME RUN (Line Drive, 7LD), Distance : 327 ft
|
Batting: RHB Steve Moore
|
0-0: Called Strike 0-1: Foul Ball, location: 2F 0-2: Strikes out looking
|
Batting: RHB Jake Henshaw
|
0-0: Ball 1-0: Ball 2-0: Called Strike 2-1: Ball 3-1: Called Strike 3-2: Base on Balls
|
Batting: RHB Ken Horn
|
0-0: Ball 1-0: Ball 2-0: Called Strike 2-1: Ball 3-1: Foul Ball, location: 2F 3-2: Foul Ball, location: 2F 3-2: Foul Ball, location: 2F 3-2: Foul Ball, location: 2F 3-2: Base on Balls Jake Henshaw to second
|
Batting: LHB Turner Burns
|
0-0: Foul Ball, location: 2F 0-1: Ball 1-1: Fielders Choice at 2nd, 5-4 (Groundball, 56)
|
Top of the 2nd over - 3 runs, 3 hits, 0 errors, 2 left on base; Seton Hall 3 - Tennessee 1 |
BOTTOM OF THE 2ND |
Tennessee Volunteers batting - Pitching for Seton Hall Pirates : LHP Steve Sherman
|
Batting: RHB Chris Harper
|
0-0: Called Strike 0-1: SINGLE (Groundball, 25) (infield hit)
|
Pitching: LHP Laurent Bélisle
|
|
Batting: LHB Joe Bourland
|
0-0: Foul Ball, location: 2F 0-1: Foul Ball, location: 2F 0-2: 2-RUN HOME RUN (Flyball, 9LD), Distance : 322 ft
|
Batting: RHB Jim Mak
|
0-0: Swinging Strike 0-1: Swinging Strike 0-2: Ball 1-2: Foul Ball, location: 2F 1-2: Strikes out swinging
|
Batting: RHB Ronnie Wilson
|
0-0: Ball 1-0: Ball 2-0: Called Strike 2-1: SINGLE (Groundball, 34D)
|
Batting: LHB Carl Coffman
|
0-0: Foul Ball, location: 2F 0-1: Ball 1-1: SINGLE (Line Drive, 4D) Ronnie Wilson to second
|
Batting: RHB Rodney Walker
|
0-0: 3-RUN HOME RUN (Flyball, 7LD), Distance : 320 ft
|
Pitching: RHP William Colón
|
|
Batting: RHB Silas Austin
|
0-0: Swinging Strike 0-1: Ball 1-1: Fly out, F7 (Line Drive, 78S)
|
Batting: RHB Zak Hall
|
0-0: DOUBLE (Flyball, 78D)
|
Batting: RHB John Pickup
|
0-0: Called Strike 0-1: Swinging Strike 0-2: Strikes out swinging
|
Bottom of the 2nd over - 5 runs, 6 hits, 0 errors, 1 left on base; Seton Hall 3 - Tennessee 6 |
TOP OF THE 3RD |
Seton Hall Pirates batting - Pitching for Tennessee Volunteers : RHP Henry Reed
|
Batting: RHB Joe Lord
|
0-0: Ball 1-0: Called Strike 1-1: Foul Ball, location: 2F 1-2: Strikes out swinging
|
Batting: LHB Vernon Riley
|
0-0: Foul Ball, location: 2F 0-1: Ball 1-1: Ball 2-1: SINGLE (Line Drive, 89S)
|
Batting: RHB Matt Hidalgo
|
0-0: Ball 1-0: Foul Ball, location: 2F 1-1: Called Strike 1-2: Ball 2-2: Ball 3-2: Strikes out looking
|
Batting: RHB Fernando Cuevas
|
0-0: Ball 1-0: Ball 2-0: Fly out, F8 (Flyball, 78M)
|
Top of the 3rd over - 0 runs, 1 hit, 0 errors, 1 left on base; Seton Hall 3 - Tennessee 6 |
BOTTOM OF THE 3RD |
Tennessee Volunteers batting - Pitching for Seton Hall Pirates : RHP William Colón
|
Batting: RHB Chris Harper
|
0-0: Swinging Strike 0-1: Ball 1-1: Ball 2-1: Ball 3-1: Base on Balls
|
Batting: LHB Joe Bourland
|
0-0: Fly out, F6 (Line Drive, 6)
|
Batting: RHB Jim Mak
|
0-0: Ball Chris Harper steals 2nd base 1-0: Ball 2-0: Ball 3-0: Called Strike 3-1: Base on Balls
|
Batting: RHB Ronnie Wilson
|
0-0: Fly out, F8 (Flyball, 8LD)
|
Batting: LHB Carl Coffman
|
0-0: Swinging Strike 0-1: Ball 1-1: Called Strike 1-2: Ball 2-2: Strikes out looking
|
Bottom of the 3rd over - 0 runs, 0 hits, 0 errors, 2 left on base; Seton Hall 3 - Tennessee 6 |
TOP OF THE 4TH |
Seton Hall Pirates batting - Pitching for Tennessee Volunteers : RHP Henry Reed
|
Batting: RHB Chris Rigney
|
0-0: Ball 1-0: Swinging Strike 1-1: Foul Ball, location: 2F 1-2: Ball 2-2: Ball 3-2: Strikes out swinging
|
Batting: RHB Steve Moore
|
0-0: Ball 1-0: Called Strike 1-1: Ball 2-1: Fly out, F2 (Popup, 23F)
|
Batting: RHB Jake Henshaw
|
0-0: SINGLE (Groundball, 6MD)
|
Batting: RHB Ken Horn
|
0-0: Ball 1-0: Ball 2-0: Foul Ball, location: 2F 2-1: Called Strike 2-2: Foul Ball, location: 2F 2-2: Foul Ball, location: 2F 2-2: Foul Ball, location: 2F 2-2: Strikes out looking
|
Top of the 4th over - 0 runs, 1 hit, 0 errors, 1 left on base; Seton Hall 3 - Tennessee 6 |
BOTTOM OF THE 4TH |
Tennessee Volunteers batting - Pitching for Seton Hall Pirates : RHP William Colón
|
Batting: RHB Rodney Walker
|
0-0: Ball 1-0: Ball 2-0: Ball 3-0: Called Strike 3-1: Foul Ball, location: 2F 3-2: Foul Ball, location: 2F 3-2: Fly out, F5 (Line Drive, 56)
|
Batting: RHB Silas Austin
|
0-0: Ground out 3-1 (Groundball, 34)
|
Pitching: LHP Leonardo Casas
|
|
Batting: RHB Zak Hall
|
0-0: Foul Ball, location: 2F 0-1: Ball 1-1: Fly out, F5 (Popup, 25)
|
Bottom of the 4th over - 0 runs, 0 hits, 0 errors, 0 left on base; Seton Hall 3 - Tennessee 6 |
TOP OF THE 5TH |
Seton Hall Pirates batting - Pitching for Tennessee Volunteers : RHP Henry Reed
|
Pitching: RHP Fernando González
|
|
Batting: LHB Turner Burns
|
0-0: Ball 1-0: Ball 2-0: Called Strike 2-1: Called Strike 2-2: Ground out 1-3 (Groundball, 13S)
|
Batting: RHB Joe Lord
|
0-0: Called Strike 0-1: Swinging Strike 0-2: Strikes out swinging
|
Batting: LHB Vernon Riley
|
0-0: Swinging Strike 0-1: Swinging Strike 0-2: Ball 1-2: SINGLE (Line Drive, 8LS)
|
Batting: RHB Matt Hidalgo
|
0-0: Ball 1-0: Called Strike 1-1: Ball 2-1: Called Strike 2-2: Ball 3-2: Base on Balls Vernon Riley to second
|
Batting: RHB Fernando Cuevas
|
0-0: Ball 1-0: Ball 2-0: Foul Ball, location: 2F 2-1: Swinging Strike 2-2: Foul Ball, location: 2F 2-2: Strikes out looking
|
Top of the 5th over - 0 runs, 1 hit, 0 errors, 2 left on base; Seton Hall 3 - Tennessee 6 |
BOTTOM OF THE 5TH |
Tennessee Volunteers batting - Pitching for Seton Hall Pirates : LHP Leonardo Casas
|
Batting: RHB John Pickup
|
0-0: Ball 1-0: Called Strike 1-1: Foul Ball, location: 2F 1-2: Fly out, F7 (Flyball, 78S)
|
Batting: RHB Chris Harper
|
0-0: Ball 1-0: DOUBLE (Flyball, 78D)
|
Batting: LHB Joe Bourland
|
0-0: Called Strike Chris Harper steals 3rd base 0-1: Fly out, F9 (Flyball, 9S) Runner from 3rd tags up, SCORES, throw made
|
Batting: RHB Jim Mak
|
0-0: Ball 1-0: Foul Ball, location: 2F 1-1: Foul Ball, location: 2F 1-2: Ball 2-2: Foul Ball, location: 2F 2-2: Strikes out looking
|
Bottom of the 5th over - 1 run, 1 hit, 0 errors, 0 left on base; Seton Hall 3 - Tennessee 7 |
TOP OF THE 6TH |
Seton Hall Pirates batting - Pitching for Tennessee Volunteers : RHP Fernando González
|
Batting: RHB Chris Rigney
|
0-0: Ball 1-0: Ball 2-0: Ball 3-0: Called Strike 3-1: Called Strike 3-2: Foul Ball, location: 2F 3-2: Foul Ball, location: 2F 3-2: Foul Ball, location: 2F 3-2: Base on Balls
|
Batting: RHB Steve Moore
|
0-0: Foul Ball, location: 2F 0-1: Ball 1-1: Fly out, F4 (Popup, 34)
|
Batting: RHB Jake Henshaw
|
0-0: Swinging Strike 0-1: Ball 1-1: Ball 2-1: Swinging Strike 2-2: Ball 3-2: SINGLE (Groundball, 4MD) Chris Rigney to second Runner from 2nd tries for 3rd, SAFE, no throw
|
Pinch Runner at 3rd Pedro Cortés:
|
|
Batting: RHB Ken Horn
|
0-0: Swinging Strike Passed Ball! Pedro Cortés scores Jake Henshaw to second 0-1: Called Strike 0-2: Ball 1-2: Strikes out swinging
|
Batting: LHB Turner Burns
|
0-0: Called Strike 0-1: Foul Ball, location: 2F 0-2: Ball 1-2: Foul Ball, location: 2F 1-2: Foul Ball, location: 2F 1-2: Strikes out swinging
|
Top of the 6th over - 1 run, 1 hit, 0 errors, 1 left on base; Seton Hall 4 - Tennessee 7 |
BOTTOM OF THE 6TH |
Tennessee Volunteers batting - Pitching for Seton Hall Pirates : LHP Leonardo Casas
|
Now in RF: Pedro Cortés
|
|
Batting: RHB Ronnie Wilson
|
0-0: Foul Ball, location: 2F 0-1: Ball 1-1: Called Strike 1-2: Ball 2-2: Fly out, F4 (Line Drive, 34D)
|
Batting: LHB Carl Coffman
|
0-0: Ball 1-0: Foul Ball, location: 2F 1-1: Swinging Strike 1-2: Ground out U3 (Groundball, 3)
|
Batting: RHB Rodney Walker
|
0-0: Called Strike 0-1: Called Strike 0-2: Ball 1-2: Fly out, F4 (Popup, 4)
|
Bottom of the 6th over - 0 runs, 0 hits, 0 errors, 0 left on base; Seton Hall 4 - Tennessee 7 |
TOP OF THE 7TH |
Seton Hall Pirates batting - Pitching for Tennessee Volunteers : RHP Fernando González
|
Batting: RHB Joe Lord
|
0-0: Fly out, F9 (Flyball, 9LS)
|
Batting: LHB Vernon Riley
|
0-0: Foul Ball, location: 2F 0-1: Ball 1-1: Foul Ball, location: 2F 1-2: Foul Ball, location: 2F 1-2: Strikes out swinging
|
Batting: RHB Matt Hidalgo
|
0-0: Ground out 5-3 (Groundball, 56)
|
Top of the 7th over - 0 runs, 0 hits, 0 errors, 0 left on base; Seton Hall 4 - Tennessee 7 |
BOTTOM OF THE 7TH |
Tennessee Volunteers batting - Pitching for Seton Hall Pirates : LHP Leonardo Casas
|
Batting: RHB Silas Austin
|
0-0: Called Strike 0-1: Ball 1-1: Ball 2-1: Ball 3-1: Called Strike 3-2: Foul Ball, location: 2F 3-2: SINGLE (Groundball, 56D)
|
Batting: RHB Zak Hall
|
0-0: Called Strike 0-1: Fly out, F5 (Popup, 25F)
|
Batting: RHB John Pickup
|
0-0: Ball 1-0: SINGLE (Groundball, 34S) (infield hit) Silas Austin to second
|
Batting: RHB Chris Harper
|
0-0: Called Strike 0-1: SINGLE (Line Drive, 9S) Silas Austin to third John Pickup to second Runner from 3rd tries for Home, SAFE, no throw
|
Pitching: LHP John King
|
|
Batting: LHB Joe Bourland
|
0-0: Called Strike 0-1: Ball 1-1: Fielders Choice at 2nd, 3-6 (Groundball, 3) John Pickup to third
|
Batting: RHB Jim Mak
|
0-0: Ball 1-0: Swinging Strike 1-1: Ball 2-1: Swinging Strike 2-2: Strikes out swinging
|
Bottom of the 7th over - 1 run, 3 hits, 0 errors, 2 left on base; Seton Hall 4 - Tennessee 8 |
TOP OF THE 8TH |
Seton Hall Pirates batting - Pitching for Tennessee Volunteers : RHP Fernando González
|
Batting: RHB Fernando Cuevas
|
0-0: Ball 1-0: Ball 2-0: Ball 3-0: Base on Balls
|
Pitching: RHP Nick Reyes
|
|
Batting: LHB Pedro Cortés
|
0-0: SINGLE (Flyball, 89S) Fernando Cuevas to second
|
Batting: RHB Steve Moore
|
0-0: Called Strike 0-1: Foul Ball, location: 2F 0-2: Ball 1-2: Ball 2-2: Ball 3-2: Foul Ball, location: 2F 3-2: Fly out, F7 (Flyball, 78M)
|
Batting: RHB Jake Henshaw
|
0-0: Swinging Strike 0-1: Swinging Strike Passed Ball! Fernando Cuevas to third Pedro Cortés to second 0-2: Fly out, F9 (Flyball, 9S)
|
Batting: RHB Ken Horn
|
0-0: Ball 1-0: 3-RUN HOME RUN (Line Drive, 78XD), Distance : 372 ft
|
Pitching: LHP Álvaro Hernández
|
|
Batting: LHB Turner Burns
|
0-0: Called Strike 0-1: Ball 1-1: Called Strike 1-2: Foul Ball, location: 2F 1-2: Fly out, F9 (Flyball, 9)
|
Top of the 8th over - 3 runs, 2 hits, 0 errors, 0 left on base; Seton Hall 7 - Tennessee 8 |
BOTTOM OF THE 8TH |
Tennessee Volunteers batting - Pitching for Seton Hall Pirates : LHP John King
|
Batting: RHB Ronnie Wilson
|
0-0: Called Strike 0-1: Ball 1-1: Swinging Strike 1-2: Foul Ball, location: 2F 1-2: Ball 2-2: Ball 3-2: Base on Balls
|
Batting: LHB Carl Coffman
|
0-0: Ball 1-0: Swinging Strike 1-1: Foul Ball, location: 2F 1-2: Hit by Pitch Ronnie Wilson to second
|
Pinch Runner at 2nd Trent Gómez:
|
|
Batting: RHB Rodney Walker
|
0-0: Called Strike 0-1: Foul Ball, location: 2F 0-2: Ball 1-2: Ball 2-2: Ball 3-2: 3-RUN HOME RUN (Flyball, 7LD), Distance : 335 ft
|
Pitching: RHP Bill Bowers
|
|
Batting: RHB Silas Austin
|
0-0: Ball 1-0: Ground out 6-3 (Groundball, 6)
|
Batting: RHB Zak Hall
|
0-0: Called Strike 0-1: Ball 1-1: Foul Ball, location: 2F 1-2: Fly out, F4 (Line Drive, 4)
|
Batting: RHB John Pickup
|
0-0: Called Strike 0-1: Ball 1-1: Ball 2-1: Fly out, F3 (Popup, 3)
|
Bottom of the 8th over - 3 runs, 1 hit, 0 errors, 0 left on base; Seton Hall 7 - Tennessee 11 |
TOP OF THE 9TH |
Seton Hall Pirates batting - Pitching for Tennessee Volunteers : LHP Álvaro Hernández
|
Batting: RHB Joe Lord
|
0-0: Ball 1-0: Called Strike 1-1: Called Strike 1-2: Foul Ball, location: 2F 1-2: Foul Ball, location: 2F 1-2: Fly out, F8 (Flyball, 8RD)
|
Batting: LHB Vernon Riley
|
0-0: Called Strike 0-1: Ball 1-1: Called Strike 1-2: Foul Ball, location: 2F 1-2: Ball 2-2: SINGLE (Flyball, 7LS)
|
Batting: RHB Matt Hidalgo
|
0-0: Ball 1-0: Fly out, F8 (Flyball, 8LM)
|
Batting: RHB Fernando Cuevas
|
0-0: Ball 1-0: Ground out 4-3 (Groundball, 4)
|
Top of the 9th over - 0 runs, 1 hit, 0 errors, 1 left on base; Seton Hall 7 - Tennessee 11 |
|